 Dungeon Crawl Stone Soup version 0.28.0-62-gf88900778d (webtiles) character file.

Game seed: 14751917348813158421

12201 cbfl8 the Cleaver (level 11, -3/90 HPs)
             Began as a Minotaur Fighter on June 30, 2023.
             Was a High Priest of Okawaru.
             Slain by a troll (6 damage)
             ... on level 10 of the Dungeon.
             The game lasted 00:13:00 (16201 turns).

cbfl8 the Cleaver (Minotaur Fighter)               Turns: 16201, Time: 00:13:01

Health: -3/90      AC: 14    Str: 21    XL:     11   Next: 59%
Magic:  13/14      EV: 14    Int:  5    God:    Okawaru [*****.]
Gold:   366        SH: 17    Dex: 14    Spells: 10/10 levels left

rFire   . . .      SeeInvis .   a - +0 war axe
rCold   . . .      Faith    .   b - +0 tower shield
rNeg    . . .      Spirit   .   n - +0 chain mail
rPois   .          Reflect  .   (helmet restricted)
rElec   .          Harm     .   C - +0 cloak
rCorr   .          Rampage  .   (no gloves)
Will    +....                   (no boots)
Stlth   ++........              (no amulet)
HPRegen 0.25/turn               k - +4 ring of evasion
MPRegen 0.14/turn               t - ring of willpower

@: heroic
A: horns 2, retaliatory headbutt
a: Renounce Religion, Heroism, Finesse, Duel


You were on level 10 of the Dungeon.
You worshipped Okawaru.
Okawaru was extremely pleased with you.
You visited 2 branches of the dungeon, and saw 12 of its levels.
You visited the Abyss 1 time.

You collected 492 gold pieces.
You spent 126 gold pieces at shops.

Inventory:

Hand Weapons
 a - a +0 war axe (weapon)
Missiles
 A - 6 throwing nets
Armour
 b - a +0 tower shield (worn)
 n - a +0 chain mail (worn)
 C - a +0 cloak (worn)
Jewellery
 k - a +4 ring of evasion (left hand)
 t - a ring of willpower (right hand)
Wands
 p - a wand of polymorph (2)
 x - a wand of iceblast (3) (quivered)
 y - a wand of digging (3)
 B - a wand of acid (5)
Scrolls
 d - 3 scrolls of fear
 i - 3 scrolls of noise
 l - 2 scrolls of teleportation
 q - a scroll of magic mapping
 s - a scroll of silence
 v - a scroll of enchant armour
 w - a scroll of fog
Potions
 c - 6 potions of curing
 e - a potion of resistance {unknown}
 f - 5 potions of haste {unknown}
 g - 2 potions of degeneration {unknown}
 h - a potion of heal wounds
 j - 3 potions of flight {unknown}
 m - 2 potions of might
 o - 2 potions of attraction {unknown}
 r - 2 potions of brilliance {unknown}
 u - a potion of berserk rage {unknown}
 z - a potion of mutation {unknown}


   Skills:
 + Level 6.3(11.3) Fighting
 * Level 12.5(17.5) Axes
 + Level 8.7(13.7) Armour
 * Level 6.4(11.4) Dodging
 * Level 5.6(10.6) Stealth
 + Level 7.6(12.6) Shields
 * Level 6.1 Invocations
 * Level 5.3 Evocations


You had 10 spell levels left.
You didn't know any spells.
Your spell library contained the following spells:

 Spells                   Type           Power      Damage    Failure   Level
 Magic Dart               Conj           0%         1d3       100%        1
 Searing Ray              Conj           0%         2d4       100%        2
 Gell's Gravitas          Tloc           0%         N/A       100%        3
 Teleport Other           Tloc           0%         N/A       100%        3
 Airstrike                Air            0%         N/A       100%        4
 Fulminant Prism          Conj/Hex       0%         3d6       100%        4
 Borgnjor's Vile Clutch   Necr/Erth      0%         N/A       100%        5
 Lightning Bolt           Conj/Air       0%         1d11      100%        5
 Dispersal                Tloc           0%         N/A       100%        6
 Summon Small Mammal      Summ           Unusable   N/A       N/A         1
 Call Canine Familiar     Summ           Unusable   N/A       N/A         3
 Summon Guardian Golem    Hex/Summ       Unusable   N/A       N/A         3
 Animate Dead             Necr           Unusable   N/A       N/A         4
 Summon Lightning Spire   Summ/Air       Unusable   N/A       N/A         4
 Death Channel            Necr           Unusable   N/A       N/A         6

Dungeon Overview and Level Annotations

Branches:
Dungeon (11/15)            Temple (1/1) D:7            Lair (0/6) D:11
    Orc (0/2) D:11

Altars:
Ashenzari
Cheibriados
Dithmenos
Elyvilon
Fedhas
Gozag
Hepliaklqana
Kikubaaqudgha
Makhleb
Nemelex Xobeh
Okawaru
Qazlal
Ru
Sif Muna
Trog
Uskayaw
Vehumet
Wu Jian
Xom
Yredelemnul
Zin
The Shining One

Shops:
D:7 *

Portals:
Abyss: D:3

Annotations:
D:3 2 transporters, Nonny's ghost, amateur VSIE
D:5 3 runed translucent doors, Coron's ghost, weakling DDDe; Mickster's ghost, novice HOBe; cbfl8's ghost, amateur DsGl; pajopajo's ghost, weakling DrTm
D:7 3 runed translucent doors, macfelon's ghost, novice DECj
D:8 1 runed translucent door, yourfavgirlally's ghost, novice MiBe


Innate Abilities, Weirdness & Mutations

You have a pair of horns on your head.
You reflexively headbutt those who attack you in melee.


Message History

Unknown command.
You are too injured to fight recklessly!
You gain the combat prowess of a mighty hero.
You block the troll's attack. The troll closely misses you.
The troll claws you but does no damage. You block the kobold brigand's attack.
You closely miss the troll. You headbutt the troll!
The troll is moderately wounded.
You hit the kobold brigand but do no damage.
You block the troll's attack. The troll claws you!
* * * LOW HITPOINT WARNING * * *
You block the troll's attack.
The kobold brigand hits you but does no damage.
You hit the troll.
The troll is moderately wounded.
You hit the kobold brigand but do no damage.
You block the troll's attack. x2; The troll claws you.
* * * LOW HITPOINT WARNING * * *
The kobold brigand barely misses you.
You slash the troll!
You headbutt the troll, but do no damage.
The troll is severely wounded.
You hit the kobold brigand. You block the troll's attack.
The troll closely misses you. The troll claws you.
* * * LOW HITPOINT WARNING * * *
The kobold brigand hits you but does no damage.
You hit the troll.
The troll is almost dead.
You hit the kobold brigand. The troll bites you!
* * * LOW HITPOINT WARNING * * *
You block the troll's attack. The troll claws you but does no damage.
You block the kobold brigand's attack.
Unknown command.
As you read the scroll labelled ROMUIL QAG JIA, it crumbles to dust.
You feel momentarily disoriented.
It was a scroll of magic mapping.
The troll barely misses you. The troll claws you but does no damage.
The troll misses you. The kobold brigand barely misses you.
Unknown command.
Unknown command.
You block the troll's attack. The troll claws you.
You die...

........##...#).........#..##....
............##.......(....###....
..##.........#...................
###)..#.......##..<.............#
# #...#......###......)..........
#...............[)...........##
##.......##.....K>[.[........#
##....#.###.##T###..........##
#.....#..#...@####.[...##.....
#.......................#.....
####[.........................
##..................##.).....
#..................######....
#..#.#....###.......# ##....
####.#....###......## #.....
##......######.## #.....
#.......# ### ##....


You could see a troll and a kobold brigand.

Vanquished Creatures
  Harold (Arena)
  Erolcha (D:9)
  3 two-headed ogres
  A cyclops (D:7)
  A gargoyle (D:9)
  Maggie (D:10)
  Psyche (D:10)
  A kobold demonologist (D:10)
  A hornet (D:8)
  2 wraiths (D:7)
  2 wyverns
  24 yaks
  A basilisk (D:7)
  A steam dragon (D:9)
  Menkaure (D:6)
  A water moccasin (D:6)
  Duvessa (D:5)
  A hornet zombie (D:8)
  A sky beast (D:6)
  2 orc warriors
  A black bear (D:4)
  A necrophage (D:3)
  An ogre (D:6)
  5 centaurs
  A phantom (D:7)
  A kobold brigand (D:6)
  A bullfrog (D:8)
  3 gnoll sergeants (D:10)
  2 scorpions (D:5)
  Dowan (D:5)
  2 howler monkeys (D:9)
  A bullfrog zombie (D:6)
  2 centaur zombies
  A hound (D:4)
  3 jellies
  2 centaur skeletons (D:6)
  8 orc priests
  A gnoll shaman (D:9)
  Jessica (D:2)
  2 iguanas
  Natasha (twice) (D:2)
  6 orc wizards
  A hound skeleton (D:4)
  2 howler monkey zombies
  7 gnolls
  4 adders
  2 ufetubi
  An adder skeleton (D:3)
  A worm (D:2)
  2 dart slugs (D:1)
  39 orcs
  4 bats
  4 endoplasms
  2 giant cockroaches (D:4)
  10 goblins
  7 hobgoblins
  10 jackals
  12 kobolds
  3 quokkas
  8 ball pythons
  4 frilled lizards
  4 rats
223 creatures vanquished.

Vanquished Creatures (others)
  2 withered plants (D:5)
2 creatures vanquished.

Grand Total: 225 creatures vanquished

Notes
Turn   | Place    | Note
-------+----------+-------------------------------------------
     0 | D:1      | cbfl8 the Minotaur Fighter began the quest for the Orb.
     0 | D:1      | Reached XP level 1. HP: 19/19 MP: 0/0
   104 | D:1      | Reached XP level 2. HP: 25/27 MP: 1/1
   391 | D:1      | Reached skill level 3 in Axes
   391 | D:1      | Reached XP level 3. HP: 33/33 MP: 2/2
   601 | D:1      | Found a faded altar of an unknown god.
   846 | D:2      | Reached skill level 1 in Dodging
   964 | D:2      | Noticed Jessica
   972 | D:2      | Killed Jessica
   973 | D:2      | Reached skill level 1 in Stealth
   973 | D:2      | Reached skill level 1 in Invocations
   973 | D:2      | Reached XP level 4. HP: 24/40 MP: 3/3
  1405 | D:2      | Reached skill level 1 in Evocations
  1509 | D:2      | Noticed Natasha
  1513 | D:2      | Killed Natasha
  1514 | D:2      | Reached skill level 4 in Axes
  1514 | D:2      | Reached XP level 5. HP: 42/46 MP: 4/4
  1869 | D:2      | Noticed Natasha
  1875 | D:2      | Killed Natasha
  1948 | D:3      | Found a transporter.
  2232 | D:3      | Noticed a necrophage
  2237 | D:3      | Reached XP level 6. HP: 31/52 MP: 6/6
  2238 | D:3      | Reached skill level 5 in Axes
  2548 | D:3      | Found a one-way gate to the infinite horrors of the Abyss.
  2548 | D:3      | Noticed Nonny's ghost (amateur VSIE)
  2548 | D:3      | Noticed a small abomination
  2575 | D:3      | Found a transporter.
  3120 | D:4      | Reached XP level 7. HP: 56/59 MP: 7/7
  3238 | D:4      | Reached skill level 6 in Axes
  3437 | D:4      | Reached skill level 5 in Armour
  3861 | D:5      | Entered Level 5 of the Dungeon
  4028 | D:5      | Found a runed translucent gate.
  4030 | D:5      | Found a runed translucent gate.
  4030 | D:5      | Found a runed translucent gate.
  4030 | D:5      | Noticed pajopajo's ghost (weakling DrTm)
  4030 | D:5      | Noticed Coron's ghost (weakling DDDe)
  4031 | D:5      | Noticed Mickster's ghost (novice HOBe)
  4032 | D:5      | Noticed cbfl8's ghost (amateur DsGl)
  4254 | D:5      | Noticed Duvessa
  4266 | D:5      | Killed Duvessa
  4266 | D:5      | Noticed Dowan
  4279 | D:5      | Killed Dowan
  4823 | D:6      | Reached skill level 7 in Axes
  4860 | D:6      | Reached XP level 8. HP: 32/67 MP: 9/9
  5170 | D:6      | Noticed Menkaure
  5175 | D:6      | Killed Menkaure
  5429 | D:6      | Reached skill level 8 in Axes
  5745 | D:6      | Reached skill level 5 in Shields
  5900 | D:7      | Found a staircase to the Ecumenical Temple.
  5904 | D:7      | Found a shimmering altar of Xom.
  6113 | D:7      | Found Quurhin's General Store.
  6122 | Temple   | Entered the Ecumenical Temple
  6509 | Temple   | Became a worshipper of Warmaster Okawaru
  6687 | D:7      | Bought a scroll of identify for 28 gold pieces
  6687 | D:7      | Bought a scroll of identify for 28 gold pieces
  6687 | D:7      | Bought a potion of heal wounds for 70 gold pieces
  6765 | D:7      | Reached XP level 9. HP: 41/72 MP: 10/10
  7193 | D:7      | Reached skill level 9 in Axes
  7367 | D:7      | Noticed a cyclops
  7375 | D:7      | Killed a cyclops
  7375 | D:7      | Reached * piety under Okawaru
  7592 | D:7      | Found a runed translucent gate.
  7594 | D:7      | Found a runed translucent gate.
  7595 | D:7      | Found a runed translucent gate.
  7597 | D:7      | Found an opulent altar of Gozag.
  7597 | D:7      | Noticed macfelon's ghost (novice DECj)
  7980 | D:8      | Paralysed by a hornet for 3 turns
  7987 | D:8      | Paralysed by a hornet for 3 turns
  7998 | D:8      | Reached skill level 5 in Fighting
  8551 | D:8      | Reached ** piety under Okawaru
  8552 | D:8      | Reached skill level 10 in Axes
  8570 | D:8      | Reached XP level 10. HP: 13/81 MP: 12/12
  9109 | D:8      | Found a runed translucent door.
  9110 | D:8      | Noticed yourfavgirlally's ghost (novice MiBe)
  9218 | D:8      | Noticed a two-headed ogre
  9226 | D:8      | Killed a two-headed ogre
  9227 | D:8      | Reached skill level 5 in Dodging
 10409 | D:9      | Reached *** piety under Okawaru
 10879 | D:9      | Reached skill level 5 in Invocations
 11108 | D:9      | Noticed Erolcha
 11109 | D:9      | Cast into level 1 of the Abyss (Erolcha)
 11141 | D:9      | Escaped the Abyss
 11559 | D:9      | Noticed a gargoyle
 11564 | D:9      | Killed a gargoyle
 11920 | D:9      | Reached skill level 11 in Axes
 11972 | D:10     | Entered Level 10 of the Dungeon
 12217 | D:9      | Reached **** piety under Okawaru
 12754 | D:9      | Reached skill level 5 in Stealth
 12754 | D:9      | Reached XP level 11. HP: 37/89 MP: 14/14
 13346 | D:10     | Noticed a two-headed ogre
 13357 | D:10     | Killed a two-headed ogre
 13357 | D:10     | Reached ***** piety under Okawaru
 13742 | D:10     | Noticed Psyche
 13745 | D:10     | Noticed Harold
 13750 | D:10     | Noticed Maggie
 13776 | D:10     | Killed Psyche
 13777 | D:10     | Reached skill level 5 in Evocations
 14047 | Arena    | Entered the Arena
 14065 | Arena    | Killed Harold
 14066 | Arena    | Reached skill level 12 in Axes
 14627 | D:10     | Killed Maggie
 15292 | D:9      | Killed Erolcha
 15292 | D:9      | Identified the +5 dire flail of Mush {vorpal, Will+ MP+9}
                  | (Okawaru gifted it to you on level 9 of the Dungeon)
 15292 | D:9      | Received a gift from Okawaru
 15414 | D:11     | Noticed a skeletal warrior
 15415 | D:11     | Noticed a skeletal warrior
 15415 | D:11     | Noticed a skeletal warrior
 15415 | D:11     | Noticed a skeletal warrior
 15478 | D:11     | Found a staircase to the Lair.
 15527 | D:11     | Noticed a two-headed ogre
 15537 | D:11     | Killed a two-headed ogre
 15833 | D:11     | Found a staircase to the Orcish Mines.
 16197 | D:10     | HP: 2/90 [troll (7)]
 16201 | D:10     | Slain by a troll

Illustrated notes

Levels and vault maps discovered:
D:1:      sevenhm_arrival_forest_fort_small_6, layout_basic,
          shapermc_ecumenical_altar_notcrosses, minmay_misc_feat_iff
D:2:      layout_basic, uniq_natasha, uniq_jessica
D:3:      layout_rooms, gammafunk_ghost_abyssal_escape
D:4:      layout_loops_corners, minmay_vboxes
D:5:      layout_basic, gammafunk_ghost_cemetery, uniq_duvessa
D:6:      layout_rooms, uniq_menkaure
D:7:      layout_cave_pools, mainiacjoe_overflow_boulevard, temple_pool_b,
          ebering_ghost_gozag, serial_shops, shop, kb_rosetta
D:8:      layout_rooms, gammafunk_ghost_grave
D:9:      layout_loops_corners, uniq_erolcha
D:10:     layout_cave_pools, uniq_psyche, uniq_maggie, uniq_harold
D:11:     layout_roguey [special_room_orc],
          kennysheep_orc_monster_closet_entryway, ebering_ghost_disaster_area
Temple:   mainiacjoe_temple_trianglar_array

Skill      XL: |  1  2  3  4  5  6  7  8  9 10 11 |
---------------+----------------------------------+-----
Axes           | 3 4 5 7 8 10 11 12 | 12.5
Dodging        | 1 2 3 4 5 6 |  6.4
Armour         | 4 5 6 7 8 |  8.7
Stealth        | 1 2 3 4 5 |  5.6
Invocations    | 1 2 3 4 5 6 |  6.1
Evocations     | 1 2 3 4 5 |  5.3
Fighting       | 4 5 6 |  6.3
Shields        | 4 5 6 7 |  7.6

Action                   |  1- 3 |  4- 6 |  7- 9 | 10-12 || total
-------------------------+-------+-------+-------+-------++-------
Melee: War axe           |    62 |   120 |   244 |   256 ||   682
       Headbutt          |     9 |    21 |    44 |    62 ||   136
Invok: Heroism           |       |       |     1 |     4 ||     5
       Duel              |       |       |       |     1 ||     1
Evoke: Wand              |       |       |     7 |     6 ||    13
  Use: Potion            |       |     1 |     4 |     3 ||     8
       Scroll            |       |       |     5 |     8 ||    13
Armor: Scale mail        |    42 |    39 |     7 |       ||    88
       Chain mail        |       |       |   115 |    95 ||   210
Dodge: Dodged            |    31 |    68 |    94 |   113 ||   306
Block: Buckler           |    22 |    30 |     1 |       ||    53
       Tower shield      |       |       |   203 |   262 ||   465
